 Dungeon Crawl Stone Soup version 0.30-a0-50-gb2d611f6b1 (webtiles) character file.

Game seed: 9161895805203704995

645 Moonkey the Conjurer (level 7, 0/40 HPs)
             Began as a Deep Elf Conjurer on Sept 4, 2022.
             Was an Initiate of Vehumet.
             Killed by divine providence
             ... invoked by an orc priest
              (9 damage)
             ... on level 6 of the Dungeon.
             The game lasted 00:18:23 (6612 turns).

Moonkey the Conjurer (Deep Elf Conjurer)            Turns: 6612, Time: 00:18:24

Health: 0/40       AC:  7    Str:  4    XL:     7   Next: 27%
Magic:  11/17      EV: 13    Int: 25    God:    Vehumet [......]
Gold:   138        SH:  0    Dex: 13    Spells: 10/17 levels left

rFire   . . .      SeeInvis .    y - staff of poison
rCold   . . .      Faith    .    (no shield)
rNeg    . . .      Spirit   .    a - +0 robe
rPois   +          Reflect  .    (no helmet)
rElec   .          Harm     .    r - +0 cloak
rCorr   .          Rampage  .    (no gloves)
Will    .....                    (no boots)
Stlth   ++........               (no amulet)
HPRegen 0.13/turn                d - +4 ring of protection
MPRegen 0.15/turn                s - ring of wizardry

@: studying Shields
A: no striking features
a: Renounce Religion


You were on level 6 of the Dungeon.
You worshipped Vehumet.
Vehumet was noncommittal.
You visited 2 branches of the dungeon, and saw 7 of its levels.

You collected 138 gold pieces.

Inventory:

Hand Weapons
 u - the +5 hand axe of Dividends {freeze, rF++ Will-}
   (You found it on level 3 of the Dungeon)

   It freezes those it strikes, dealing additional cold damage.
   It can also slow down cold-blooded creatures.
   rF:        It greatly protects you from fire.
   Will:      It decreases your willpower.
Missiles
 w - a throwing net
Armour
 a - a +0 robe (worn)
 r - a +0 cloak (worn)
 v - an orb of mayhem
Magical Staves
 y - a staff of poison (weapon)
Jewellery
 d - a +4 ring of protection (left hand)
 s - a ring of wizardry (right hand)
Wands
 p - a wand of flame (14)
Scrolls
 e - 2 scrolls of summoning {unknown}
 f - 4 scrolls of noise {unknown}
 g - 5 scrolls of identify {unknown}
 h - a scroll of enchant weapon {unknown}
 i - a scroll of fear {unknown}
 k - a scroll of fog {unknown}
 n - a scroll of poison {unknown}
 q - a scroll of amnesia {unknown}
 x - a scroll of vulnerability {unknown}
Potions
 b - 2 potions of magic
 c - a potion of might
 j - 2 potions of curing
 l - a potion of berserk rage {unknown}
 m - a potion of invisibility {unknown}
 o - 2 potions of attraction {unknown}
 t - a potion of ambrosia {unknown}


   Skills:
 * Level 2.9 Fighting
 + Level 3.9 Dodging
 + Level 4.0 Stealth
 * Level 5.5 Spellcasting
 * Level 6.0 Conjurations
 + Level 2.6 Translocations


You had 10 spell levels left.
You knew the following spells:

 Your Spells              Type           Power      Damage    Failure   Level
a - Magic Dart            Conj           100%       1d8       1%          1
b - Searing Ray           Conj           74%        2d7       1%          2
c - Iskenderun's Mystic   Conj/Tloc      28%        2d7       5%          4

Your spell library contained the following spells:

 Spells                   Type           Power      Damage    Failure   Level
 Static Discharge         Conj/Air       44%        3-6/arc   1%          2
 Dazzling Flash           Conj/Hex       44%        N/A       2%          3
 Gell's Gravitas          Tloc           20%        N/A       3%          3
 Teleport Other           Tloc           20%        N/A       3%          3
 Poisonous Vapours        Pois/Air       20%        N/A       4%          2
 Mephitic Cloud           Conj/Pois/Air  25%        N/A       4%          3
 Portal Projectile        Hex/Tloc       26%        N/A       6%          3
 Fulminant Prism          Conj/Hex       11%        3d9       9%          4
 Ignite Poison            Fire/Tmut/Pois 10%        N/A       10%         3
 Inner Flame              Hex/Fire       6%         N/A       10%         3
 Tukima's Dance           Hex            6%         N/A       10%         3
 Lightning Bolt           Conj/Air       11%        1d24      26%         5
 Cause Fear               Hex            3%         N/A       30%         4
 Corpse Rot               Necr/Pois/Air  10%        N/A       30%         4
 Freezing Cloud           Conj/Ice/Air   8%         6-21      34%         5
 Blade Hands              Tmut           3%         N/A       61%         5
 Dispersal                Tloc           10%        N/A       82%         6
 Discord                  Hex            3%         N/A       100%        8
 Maxwell's Capacitive Co  Air            3%         ∞         100%        8


Dungeon Overview and Level Annotations

Branches:
Dungeon (6/15)             Temple (1/1) D:4

Altars:
Ashenzari
Dithmenos
Elyvilon
Fedhas
Gozag
Hepliaklqana
Kikubaaqudgha
Nemelex Xobeh
Okawaru
Qazlal
Ru
Trog
Vehumet
Wu Jian
Xom
Yredelemnul
Zin

Shops:
D:3 [


Message History

Casting: Magic Dart (safe; 1% risk of failure)
Confirm with . or Enter, or press ? or * to list all spells.
Aiming: Magic Dart (safe; 1% risk of failure)
Press: ? - help, Shift-Dir - straight line, f/p - orc priest
Aim: an orc priest, wielding a +0 dagger and wearing a +0 chain mail (100% to hit)
The magic dart hits the orc priest.
The orc priest is lightly wounded.
Casting: Magic Dart (safe; 1% risk of failure)
Confirm with . or Enter, or press ? or * to list all spells.
Aiming: Magic Dart (safe; 1% risk of failure)
Press: ? - help, Shift-Dir - straight line, f/p - orc priest
Aim: an orc priest, wielding a +0 dagger and wearing a +0 chain mail (lightly wounded, 100% to hit)
The magic dart hits the orc priest but does no damage.
The orc priest is lightly wounded.
The orc priest calls down the wrath of Beogh upon you.
Beogh smites you!
You hear a shout!
Casting: Magic Dart (safe; 1% risk of failure)
Confirm with . or Enter, or press ? or * to list all spells.
Aiming: Searing Ray (safe; 1% risk of failure)
Press: ? - help, Shift-Dir - straight line, f/p - orc priest
Aim: an orc priest, wielding a +0 dagger and wearing a +0 chain mail (lightly wounded, 86% to hit)
The searing ray hits the orc priest!
The orc priest is almost dead. (Press . to maintain the ray.)
The orc priest calls down the wrath of Beogh upon you.
Beogh smites you!
* * * LOW HITPOINT WARNING * * *
The searing ray misses the orc.
The searing ray hits the orc priest.
The orc priest is almost dead.
The orc priest looks encouraged for a moment.
The searing ray hits the orc!
You kill the orc!
Vehumet accepts your kill.
The searing ray hits the orc priest but does no damage.
The orc priest is almost dead.
An orc comes into view. It is wielding a +0 flail.
The orc priest invokes the aid of Beogh against you.
Beogh smites you!
You die...

# ### .#####
#.######......
#.........#
#.....<.#.
#.............
#.......###...
#@......# .
#)##....#
#.###...#


oo. ###... .... ... ..... .. ..... ....... You could see an orc priest and an
orc.

Vanquished Creatures
  A water moccasin (D:4)
  A gnoll sergeant (D:5)
  A necrophage (D:6)
  A hound (D:5)
  An orc priest (D:5)
  2 orc wizards
  12 gnolls
  6 adders
  3 ufetubi
  3 worms
  3 dart slugs
  17 orcs
  4 ball pythons
  6 bats
  5 endoplasms
  2 giant cockroaches
  6 goblins
  5 hobgoblins
  4 jackals (D:1)
  5 quokkas
  A frilled lizard (D:3)
  4 kobolds
  5 rats (D:2)
98 creatures vanquished.

Notes
Turn   | Place    | Note
-------+----------+-------------------------------------------
     0 | D:1      | Moonkey the Deep Elf Conjurer began the quest for the Orb.
     0 | D:1      | Reached XP level 1. HP: 10/10 MP: 6/6
   185 | D:1      | Reached XP level 2. HP: 16/16 MP: 2/8
   348 | D:1      | Learned a level 2 spell: Searing Ray
   839 | D:1      | Reached skill level 1 in Fighting
   839 | D:1      | Reached XP level 3. HP: 20/20 MP: 5/10
  1086 | D:2      | Found a faded altar of an unknown god.
  1593 | D:2      | Reached skill level 1 in Translocations
  2132 | D:3      | Reached XP level 4. HP: 25/25 MP: 8/11
  2479 | D:3      | Found a hazy altar of Hepliaklqana.
  2523 | D:3      | Learned a level 4 spell: Iskenderun's Mystic Blast
  2551 | D:3      | Found a sacrificial altar of Ru.
  2622 | D:3      | Identified the +5 hand axe of Dividends {freeze, rF++
                  | Will-}
  2772 | D:3      | Found an iron altar of Okawaru.
  2850 | D:3      | Reached skill level 5 in Conjurations
  2919 | D:3      | Reached XP level 5. HP: 21/30 MP: 5/13
  3215 | D:3      | Found Jeeckoiv's Antique Armour Emporium.
  3468 | D:4      | Found a staircase to the Ecumenical Temple.
  3478 | Temple   | Entered the Ecumenical Temple
  3632 | Temple   | Became a worshipper of Vehumet
  4178 | D:5      | Entered Level 5 of the Dungeon
  4608 | D:5      | Noticed a water moccasin
  4832 | D:4      | Reached XP level 6. HP: 28/35 MP: 10/14
  5344 | D:4      | Killed a water moccasin
  5345 | D:4      | Reached skill level 5 in Spellcasting
  6029 | D:5      | Reached XP level 7. HP: 40/40 MP: 7/16
  6176 | D:5      | Found an ancient bone altar of Kikubaaqudgha.
  6188 | D:5      | Found an ornate altar of the Wu Jian Council.
  6562 | D:6      | Reached skill level 6 in Conjurations
  6612 | D:6      | Killed from afar by an orc priest

Illustrated notes

Levels and vault maps discovered:
D:1:      dpeg_arrival_boxorama, layout_loops_ring
D:2:      layout_loops_corners, nicolae_ecumenical_pavilion,
          minmay_misc_feat_nine_boxes, st_stairs_1, minivault_4,
          item_on_display_a
D:3:      layout_basic, kennysheep_okawaru_gauntlet, old_standard_altar,
          nicolae_hepliaklqana_hazy_memory, serial_shops, shop_statue,
          grunt_ministairs_4
D:4:      layout_loops_cross, minmay_temple_entry_stoned_glass
D:5:      layout_rooms, nzn_wu_jian_contemplation, lemuel_crystal_altar,
          serial_curves, eino_curves_04, eino_curves_03, moated_statue
D:6:      layout_rooms, makhleb_grotto_becter, marbit_many_paths,
          nicolae_overflow_hidden_temple, serial_shops, shop,
          uniq_crazy_yiuf_cottage
Temple:   hellmonk_temple_forest_ring

Skill      XL: |  1  2  3  4  5  6  7 |
---------------+----------------------+-----
Fighting       | 1 2 |  2.9
Translocations | 1 2 |  2.6
Dodging        | 3 |  3.9
Spellcasting   | 4 5 |  5.5
Stealth        | 3 4 |  4.0
Conjurations   | 5 6 |  6.0

Action                   |  1- 3 |  4- 6 |  7- 9 || total
-------------------------+-------+-------+-------++-------
 Cast: Magic Dart        |    74 |    79 |    15 ||   168
       Searing Ray       |       |    21 |     4 ||    25
       Iskenderun's Myst |       |    10 |       ||    10
  Use: Potion            |       |     2 |       ||     2
Armor: Robe              |     2 |    19 |       ||    21
Dodge: Dodged            |     2 |    35 |       ||    37

Table legend: (Time is in decaauts)
 A = Elapsed time spent in this place.
 B = Non-inter-level travel time spent in this place.
 C = Inter-level travel time spent in this place.
 D = Time resting spent in this place.
 E = Time spent auto-exploring this place.
 F = Levels seen in this place.
 G = Mean time per level.
                   A        B        C        D        E       F      G
               +--------+--------+--------+--------+--------+-----+--------+
         Total |   6621 |   6376 |    245 |   2153 |   3646 |   7 |  945.9 |
       Dungeon |   6448 |   6233 |    215 |   2153 |   3515 |   6 | 1074.7 |
        Temple |    172 |    142 |     30 |      0 |    131 |   1 |  172.0 |
               +--------+--------+--------+--------+--------+-----+--------+

Top non-repeatable levels by time:
     D:4: 2457 daAuts
     D:2: 1123 daAuts
     D:3: 1119 daAuts
     D:1: 1085 daAuts
     D:5: 602 daAuts
  Temple: 172 daAuts
     D:6: 60 daAuts
